 Seeded DCSS version 0.31-a0-626-g8143ab4f1d (webtiles) character file.

Game seed: 12485923201681380469 (custom seed)

1634 innerfire43 the Insei (level 8, -1/58 (61) HPs)
             Began as a Gnoll Shapeshifter on Aug 24, 2023.
             Was a Believer of Cheibriados.
             Slain by a wight
             ... wielding a +3 battleaxe
              (7 damage)
             ... on level 7 of the Dungeon.
             The game lasted 00:06:38 (5054 turns).

innerfire43 the Insei (Gnoll Shapeshifter)          Turns: 5054, Time: 00:06:39

HP:   -1/58 (61)    AC: 11    Str: 27    XL:     8   Next: 98%
MP:   13/13         EV: 15    Int: 19    God:    Cheibriados [**....]
Gold: 420           SH:  0    Dex: 21    Spells: 14/14 levels left

rFire   . .          .
                       - Unarmed
rCold   + + +        (shield currently unavailable)
rNeg    . . .        n - +5 ring mail
rPois   .            p - +1 hat of the Three Baking Tales {Harm *Slow rC+++ Regen+}
rElec   .            (no cloak)
rCorr   .            (no gloves)
SInv    .            (no boots)
Will    .....        (no amulet)
Stlth   +            h - +6 ring of strength
HPRegen 1.09/turn    D - +6 ring of intelligence
MPRegen 0.13/turn

%: slow self (1%), harm (+30% outgoing, +20% incoming)
@: flux-form, hasted, glowing, lightly drained, slow
A: glow, contaminating, fangs 1, strong nose, distributed training
a: Begin Untransformation, Renounce Religion, Bend Time


You were on level 7 of the Dungeon.
You worshipped Cheibriados.
Cheibriados was pleased with you.
You were something dangerously unstable.
You visited 1 branch of the dungeon, and saw 7 of its levels.
You also visited: Sewer.

You collected 420 gold pieces.

Inventory:

Missiles
 m - a throwing net
Armour
 a - a +0 animal skin
 n - a +5 ring mail (worn)
 p - the +1 hat of the Three Baking Tales (worn) {Harm *Slow rC+++ Regen+}
   (You acquired it on level 6 of the Dungeon)

   rC+++:     It renders you almost immune to cold.
   Regen+:    It increases your rate of health regeneration.
   *Slow:     It may slow you when you take damage.
   Harm:      It increases damage dealt and taken.
 t - a +0 helmet
Jewellery
 h - a +6 ring of strength (left hand)
 D - a +6 ring of intelligence (right hand)
 H - a ring of fire
Talismans
 c - a beast talisman
 d - a flux talisman (active)
Wands
 v - a wand of digging (8)
 E - a wand of light (12)
 F - a wand of iceblast (8)
Scrolls
 f - a scroll of vulnerability
 i - 2 scrolls of enchant weapon
 j - 3 scrolls of amnesia
 k - 3 scrolls of teleportation
 q - a scroll of fear {unknown}
 r - a scroll of fog
 u - a scroll of revelation
 w - a scroll of blinking {unknown}
 x - 2 scrolls of immolation {unknown}
 y - a scroll of identify {unknown}
Potions
 b - a potion of lignification
 e - 3 potions of enlightenment {unknown}
 g - a potion of experience {unknown}
 l - 2 potions of brilliance {unknown}
 o - 2 potions of might {unknown}
 s - 2 potions of degeneration {unknown}
 z - 3 potions of haste
 A - a potion of mutation {unknown}
 B - a potion of magic {unknown}
 C - a potion of curing {unknown}
 G - a potion of heal wounds {unknown}


   Skills:
 + Level 4.6 Fighting
 + Level 3.8 Short Blades
 + Level 3.8 Long Blades
 + Level 3.8 Axes
 + Level 3.8 Maces & Flails
 + Level 3.8 Polearms
 + Level 3.8 Staves
 + Level 3.8 Ranged Weapons
 + Level 3.8 Throwing
 + Level 3.8 Armour
 + Level 6.0 Dodging
 + Level 3.8 Stealth
 + Level 3.8 Shields
 + Level 7.6 Unarmed Combat
 + Level 3.8 Spellcasting
 + Level 3.1 Conjurations
 + Level 3.1 Hexes
 + Level 3.1 Summonings
 + Level 3.1 Necromancy
 + Level 3.1 Translocations
 + Level 3.1 Transmutations
 + Level 3.1 Fire Magic
 + Level 3.1 Ice Magic
 + Level 3.1 Air Magic
 + Level 3.1 Earth Magic
 + Level 3.1 Poison Magic
 + Level 4.2 Invocations
 + Level 3.8 Evocations
 + Level 7.4 Shapeshifting


You had 14 spell levels left.
You didn't know any spells.
Your spell library contained the following spells:

 Spells                   Type           Power      Damage    Failure   Level
 Slow                     Hex            60%        N/A       5%          1
 Blink                    Tloc           30%        N/A       9%          2
 Lesser Beckoning         Tloc           30%        N/A       9%          2
 Momentum Strike          Conj/Tloc      30%        3d8       9%          2
 Confusing Touch          Hex            15%        N/A       17%         3
 Vampiric Draining        Necr           15%        2d7       17%         3


Dungeon Overview and Level Annotations

Branches:
Dungeon (7/15)             Temple (0/1) D:6           Sewer (visited)

Altars:
Cheibriados
Elyvilon
Hepliaklqana
Kikubaaqudgha
Ru
Wu Jian
Xom
Zin


Innate Abilities, Weirdness & Mutations

You are something dangerously unstable.
You glow with magical radiation, making you easy to see and hit.
Foes you strike become dangerously contaminated with magical radiation.
You are incapable of wielding weapons or throwing items.
You have very sharp teeth.
Your uncanny sense of smell can sniff out nearby items.
Your experience applies equally to all skills.


Message History

You closely miss the wight.
There are monsters nearby!
You barely miss the wight. The wight closely misses you.
The wight hits you with a +5 morningstar!
You feel drained. The wight barely misses you.
You hit the wight.
The wight begins to glow.
The wight is lightly damaged.
The wight closely misses you. The wight hits you but does no damage.
The wight hits you with a +3 battleaxe.
You hit the wight.
The wight glows dangerously bright.
You bite the wight, but do no damage.
The wight is lightly damaged.
The wight barely misses you. The wight closely misses you.
The wight hits you with a +3 battleaxe!
You barely miss the wight.
The wight is lightly damaged.
You punch the wight!
The wight shudders as magic cascades through it!!
You destroy the wight!
Cheibriados thoroughly appreciates the change of pace.
The wight hits you but does no damage. The wight barely misses you.
Your life force feels restored.
Unknown command.
You punch the wight!
The wight begins to glow.
The wight is almost destroyed.
The wight closely misses you. x2; The wight hits you with a +5 battleaxe!
You hit the wight.
The wight glows dangerously bright.
The wight is almost destroyed.
The wight closely misses you. The wight hits you with a +3 battleaxe!
* * * LOW HITPOINT WARNING * * *
You feel drained.
* * * LOW HITPOINT WARNING * * *
The wight hits you from afar with a +1 spear.
* * * LOW HITPOINT WARNING * * *
You feel drained.
* * * LOW HITPOINT WARNING * * *
It was a potion of haste.
You feel yourself speed up.
Cheibriados forgives your accidental hurry, just this once.
The wight misses you. The wight hits you with a +3 battleaxe.
You die...

#>. #.#
#####+#.#
.........
...!....#
........# ∆
.....zzz#
#B### #...##
###..####
##....## #.
####..######
#. ##......#
#.
#######.###.
............
..........#.


You could see 3 wights.

Vanquished Creatures
  2 ice beasts
  An ogre (D:5)
  A centaur (D:6)
  A kobold brigand (D:7)
  5 scorpions
  5 wights (D:7)
  A jelly (D:6)
  2 hounds
  An iron imp (D:3)
  An orc priest (D:6)
  A gnoll bouda (D:6)
  2 iguanas (D:6)
  2 sleepcaps
  Terence (D:2)
  2 orc wizards (D:6)
  A hell rat (Sewer)
  Robin (D:3)
  7 gnolls (D:6)
  2 river rats (Sewer)
  3 adders
  A shadow imp (D:5)
  A white imp (D:5)
  An ufetubus (D:5)
  A worm (D:2)
  A dart slug (D:3)
  18 orcs
  5 endoplasms
  6 giant cockroaches
  19 hobgoblins
  12 kobolds
  5 quokkas
  5 ball pythons
  5 bats
  A frilled lizard (D:2)
  14 goblins
  11 rats
148 creatures vanquished.

Notes
Turn   | Place    | Note
-------+----------+-------------------------------------------
     0 | D:1      | innerfire43 the Gnoll Shapeshifter began the quest for the
                  | Orb.
     0 | D:1      | Reached XP level 1. HP: 17/17 MP: 1/1
   199 | D:1      | Reached XP level 2. HP: 21/23 MP: 2/2
   591 | D:2      | Reached XP level 3. HP: 26/28 MP: 3/3
   681 | D:2      | Reached skill level 1 in Invocations
   899 | D:2      | Noticed Terence
   910 | D:2      | Killed Terence
   911 | D:2      | Reached skill level 1 in Short Blades
   911 | D:2      | Reached skill level 1 in Long Blades
   911 | D:2      | Reached skill level 1 in Axes
   911 | D:2      | Reached skill level 1 in Maces & Flails
   911 | D:2      | Reached skill level 1 in Polearms
   911 | D:2      | Reached skill level 1 in Staves
   911 | D:2      | Reached skill level 1 in Ranged Weapons
   911 | D:2      | Reached skill level 1 in Throwing
   911 | D:2      | Reached skill level 1 in Armour
   911 | D:2      | Reached skill level 1 in Stealth
   911 | D:2      | Reached skill level 1 in Shields
   911 | D:2      | Reached skill level 1 in Spellcasting
   911 | D:2      | Reached skill level 1 in Evocations
   911 | D:2      | Reached XP level 4. HP: 9/34 MP: 5/5
  1560 | D:3      | Reached skill level 1 in Conjurations
  1560 | D:3      | Reached skill level 1 in Hexes
  1560 | D:3      | Reached skill level 1 in Summonings
  1560 | D:3      | Reached skill level 1 in Necromancy
  1560 | D:3      | Reached skill level 1 in Translocations
  1560 | D:3      | Reached skill level 1 in Transmutations
  1560 | D:3      | Reached skill level 1 in Fire Magic
  1560 | D:3      | Reached skill level 1 in Ice Magic
  1560 | D:3      | Reached skill level 1 in Air Magic
  1560 | D:3      | Reached skill level 1 in Earth Magic
  1560 | D:3      | Reached skill level 1 in Poison Magic
  1752 | D:3      | Reached XP level 5. HP: 38/40 MP: 5/7
  1758 | D:3      | Noticed Robin
  1775 | D:3      | Killed Robin
  1939 | D:3      | Found a snail-covered altar of Cheibriados.
  1950 | D:3      | Became a worshipper of Cheibriados the Contemplative
  1983 | D:3      | Found a faded altar of an unknown god.
  2129 | D:3      | Found an ornate altar of the Wu Jian Council.
  2129 | D:3      | Found a glowing silver altar of Zin.
  2307 | D:4      | Reached XP level 6. HP: 45/47 MP: 8/8
  2347 | D:4      | Reached skill level 5 in Dodging
  2494 | D:4      | Found an ancient bone altar of Kikubaaqudgha.
  2498 | D:4      | Reached * piety under Cheibriados
  2698 | D:4      | Found a white marble altar of Elyvilon.
  2844 | D:5      | Entered Level 5 of the Dungeon
  2858 | D:5      | Reached XP level 7. HP: 32/52 MP: 10/10
  2963 | D:5      | Found a sacrificial altar of Ru.
  2974 | D:5      | Found a glowing drain.
  3001 | Sewer    | Entered a sewer
  3221 | D:5      | Found a hazy altar of Hepliaklqana.
  3482 | D:5      | Reached ** piety under Cheibriados
  3495 | D:5      | Reached XP level 8. HP: 60/60 MP: 12/12
  3663 | D:5      | Found a shimmering altar of Xom.
  3980 | D:6      | Identified a scroll of acquirement
  3980 | D:6      | Acquired the +1 hat of the Three Baking Tales {Harm *Slow
                  | rC+++ Regen+}
  4247 | D:6      | Found a staircase to the Ecumenical Temple.
  5054 | D:7      | Slain by a wight

Illustrated notes

Levels and vault maps discovered:
D:1:      lightli_arrival_maybe_door_vault, layout_rooms, kennysheep_nondescript
D:2:      layout_basic, uniq_terence
D:3:      layout_rooms, slow_altar_2, nicolae_overflow_two_pavilions,
          shapermc_ecumenical_altar_hornbeckon, guppyfry_early_lair_pool,
          uniq_robin
D:4:      layout_rooms, mainiacjoe_overflow_six_doors_small,
          mainiacjoe_overflow_alcove_4
D:5:      layout_basic, nicolae_overflow_hidden_temple,
          worldfamousw_hep_ancestral_shrine, nicolae_ru_awakened_eye,
          cheibrodos_sewer_entry_drain, nrook_mini_backslash
D:6:      layout_loops_corners, minmay_temple_entry_statues_fountains
D:7:      cheibrodos_quashed, layout_basic

Skill      XL: |  1  2  3  4  5  6  7  8 |
---------------+-------------------------+-----
Invocations    | 1 2 3 4 |  4.2
Short Blades   | 1 2 3 |  3.8
Long Blades    | 1 2 3 |  3.8
Axes           | 1 2 3 |  3.8
Maces & Flails | 1 2 3 |  3.8
Polearms       | 1 2 3 |  3.8
Staves         | 1 2 3 |  3.8
Ranged Weapons | 1 2 3 |  3.8
Throwing       | 1 2 3 |  3.8
Armour         | 1 2 3 |  3.8
Stealth        | 1 2 3 |  3.8
Shields        | 1 2 3 |  3.8
Spellcasting   | 1 2 3 |  3.8
Evocations     | 1 2 3 |  3.8
Conjurations   | 1 2 3 |  3.1
Hexes          | 1 2 3 |  3.1
Summonings     | 1 2 3 |  3.1
Necromancy     | 1 2 3 |  3.1
Translocations | 1 2 3 |  3.1
Transmutations | 1 2 3 |  3.1
Fire Magic     | 1 2 3 |  3.1
Ice Magic      | 1 2 3 |  3.1
Air Magic      | 1 2 3 |  3.1
Earth Magic    | 1 2 3 |  3.1
Poison Magic   | 1 2 3 |  3.1
Fighting       | 3 4 |  4.6
Dodging        | 5 6 |  6.0
Unarmed Combat | 7 |  7.6
Shapeshifting  | 7 |  7.4

Action                     |  1- 3 |  4- 6 |  7- 9 || total
---------------------------+-------+-------+-------++-------
  Melee: Unarmed           |    79 |   195 |   192 ||   466
         Bite              |     7 |    17 |    23 ||    47
    Use: Scroll            |       |       |     9 ||     9
         Potion            |       |       |     1 ||     1
 Armour: Animal skin       |     9 |       |       ||     9
         Ring mail         |       |    71 |    64 ||   135
  Dodge: Dodged            |    45 |   111 |   113 ||   269
   Form: Flux              |     1 |       |       ||     1

Table legend: (Time is in decaauts)
 A = Elapsed time spent in this place.
 B = Non-inter-level travel time spent in this place.
 C = Inter-level travel time spent in this place.
 D = Time resting spent in this place.
 E = Time spent auto-exploring this place.
 F = Levels seen in this place.
 G = Mean time per level.
                   A        B        C        D        E       F      G
               +--------+--------+--------+--------+--------+-----+--------+
         Total |   6076 |   5542 |    534 |      0 |   4519 |   8 |  759.5 |
       Dungeon |   5951 |   5417 |    534 |      0 |   4475 |   7 |  850.1 |
         Sewer |    125 |    125 |      0 |      0 |     43 |   1 |  125.0 |
               +--------+--------+--------+--------+--------+-----+--------+

Top non-repeatable levels by time:
     D:5: 1387 daAuts
     D:6: 1285 daAuts
     D:2: 995 daAuts
     D:3: 760 daAuts
     D:4: 748 daAuts
     D:1: 541 daAuts
     D:7: 232 daAuts
   Sewer: 125 daAuts
